Map: 資料C

Players

Astrea - Winner!

  • Race: Protoss Protoss
  • League: Master
  • Spawn Location: 3:00

Rex

  • Race: Zerg Zerg
  • League: Diamond
  • Spawn Location: 9:00

Event: HomeStory Cup XXII

VOD

Have the link to the VOD?

Description

Time

  • Played on: Dec. 16, 2022, 7:49 a.m.
  • Length: 12:35

All games in this series

Show
View Real Time Build Order
Export as new Build Order

Astrea Protoss - Winner!

Build Orders: 1 Gate Expand, Oracle Opening, Zealot Archon, Archon Drop 

Get SALT Encoding   

  12  0:00  Probe  
  13  0:12  Probe  
  14  0:17  Pylon  
  14  0:24  Probe (Chrono Boost)  
  15  0:36  Probe (Chrono Boost)  
  15  0:38  Gateway  
  16  0:44  Probe (Chrono Boost)  
  16  0:46  Assimilator  
  17  0:50  Probe  
  18  1:03  Probe  
  19  1:15  Probe  
  20  1:23  Nexus  
  20  1:32  Cybernetics Core  
  20  1:40  Probe, Assimilator  
  21  1:47  Pylon  
  21  1:52  Probe  
  22  2:02  Probe  
  22  2:06  Adept (Chrono Boost)  
  23  2:10  Probe  
  26  2:19  Probe  
  26  2:22  Stargate  
  27  2:28  Adept  
  29  2:33  Probe (Chrono Boost)  
  29  2:34  Probe (Chrono Boost)  
  29  2:36  Warp Gate  
  33  2:45  Probe (Chrono Boost)  
  33  2:47  Probe (Chrono Boost)  
  33  2:50  Probe (Chrono Boost)  
  33  2:55  Probe  
  35  3:01  Probe  
  35  3:03  Oracle (Chrono Boost)  
  36  3:07  Probe  
  40  3:13  Probe  
  40  3:19  Probe  
  42  3:21  Pylon  
  42  3:26  Nexus, Probe  
  43  3:31  Probe  
  44  3:36  Oracle (Chrono Boost)  
  44  3:38  Probe  
  48  3:42  Pylon  
  48  3:45  Probe  
  49  3:50  Probe  
  49  3:54  Assimilator  
  50  3:58  Probe, Assimilator  
  52  4:02  Probe  
  52  4:04  Forge  
  52  4:06  Twilight Council  
  52  4:14  Robotics Facility  
  52  4:15  Probe x2 (Chrono Boost)  
  54  4:22  Gateway  
  56  4:24  Probe (Chrono Boost)  
  56  4:26  Probe (Chrono Boost)  
  56  4:29  Gateway, Probe (Chrono Boost)  
  56  4:35  Probe  
  56  4:36  Charge  
  56  4:37  Protoss Ground Weapons Level 1 (Chrono Boost)  
  58  4:38  Gateway  
  58  4:41  Probe x2  
  60  4:49  Probe (Chrono Boost)  
  61  4:55  Templar Archives, Probe (Chrono Boost)  
  61  4:58  Probe (Chrono Boost)  
  64  5:03  Zealot  
  64  5:04  Probe x2 (Chrono Boost)  
  64  5:07  Probe (Chrono Boost)  
  64  5:09  Probe (Chrono Boost)  
  63  5:15  Warp Prism (Chrono Boost), Probe  
  63  5:18  Probe  
  65  5:24  Probe  
  65  5:27  Probe  
  67  5:30  Probe  
  67  5:33  Pylon  
  68  5:36  Probe, High Templar x2  
  68  5:40  Pylon  
  68  5:42  Archon  
  74  5:44  Pylon  
  74  5:47  High Templar  
  74  5:48  Pylon  
  74  5:49  High Templar  
  77  5:51  Probe x3  
  77  5:52  Assimilator  
  77  5:53  Archon  
  77  5:54  Assimilator  
  80  5:59  Photon Cannon  
  80  6:00  Immortal  
  80  6:01  Pylon  
  80  6:03  Probe x2  
  86  6:07  Probe  
  87  6:15  Probe  
  87  6:16  Pylon  
  88  6:23  Zealot x4  
  95  6:28  Robotics Bay, Probe x2  
  97  6:38  Protoss Ground Weapons Level 2 (Chrono Boost)  
  97  6:41  Immortal (Chrono Boost)  
  97  6:44  Zealot  
  97  6:45  Zealot x3  
  109  6:55  Blink  
  109  7:02  Gateway x2  
  109  7:07  Nexus  
  109  7:13  Disruptor (Chrono Boost)  
  106  7:19  Photon Cannon  
  106  7:20  Shield Battery, Probe x2  
  104  7:22  High Templar  
  104  7:23  Zealot x2, High Templar  
  104  7:24  Shield Battery  
  104  7:27  Archon  
  104  7:28  Probe  
  113  7:32  Probe x2  
  113  7:33  Pylon  
  115  7:39  Disruptor  
  115  7:45  Probe x2  
  115  7:50  Probe  
  118  8:03  Stalker  
  118  8:04  Stalker x5  
  130  8:07  Pylon  
  130  8:08  Probe x3  
  130  8:10  Pylon  
  133  8:13  Disruptor, Photon Cannon  
  133  8:14  Photon Cannon  
  136  8:20  Probe  
  137  8:29  Probe  
  137  8:30  Probe  
  137  8:31  Zealot x2, High Templar x4  
  151  8:34  Gateway  
  151  8:36  Archon x2  
  151  8:37  Gateway  
  151  8:38  Gateway  
  151  8:40  Probe  
  138  8:49  Disruptor (Chrono Boost)  
  138  8:55  Assimilator  
  141  8:58  Photon Cannon, Assimilator  
  139  9:03  Photon Cannon, Stalker x6  
  139  9:06  Shield Battery  
  139  9:09  Protoss Ground Weapons Level 3 (Chrono Boost)  
  142  9:17  Gateway  
  142  9:21  Disruptor (Chrono Boost), Gateway  
  143  9:28  Stalker x6  
  141  9:40  Warp Prism (Chrono Boost)  
  141  9:45  Zealot x3  
  143  9:49  Pylon  
  143  9:50  Pylon  
  145  9:56  Zealot x6  
  157  10:04  Nexus  
  155  10:13  Disruptor (Chrono Boost)  
  155  10:14  Stalker x4  
  166  10:27  Zealot x7  
  177  10:41  Disruptor  
  178  10:47  Stalker x3  
  180  10:51  Pylon  
  180  10:52  Pylon  
  180  10:54  Pylon  
  172  11:02  Nexus  
  168  11:15  High Templar x4  
  168  11:16  High Templar x4  
  168  11:17  Zealot x3  
  190  11:20  Archon x3  
  190  11:21  Archon  
  190  11:23  Disruptor (Chrono Boost)  
  179  11:49  Warp Prism (Chrono Boost)  
  179  11:57  Probe  
  175  12:02  Probe  
  175  12:07  Nexus  
  174  12:16  Zealot x11  
  174  12:22  Pylon  
  193  12:25  Pylon  
Show
View Real Time Build Order
Export as new Build Order

Rex Zerg 

Build Orders: Hatch First, Swarm Host 

Get SALT Encoding   

  12  0:00  Drone  
  13  0:13  Overlord  
  13  0:17  Drone  
  14  0:31  Drone x2  
  16  0:49  Hatchery  
  15  0:51  Drone  
  15  0:55  Drone  
  17  0:58  Drone  
  18  1:10  Extractor  
  17  1:14  Spawning Pool  
  17  1:18  Drone  
  17  1:23  Drone  
  18  1:29  Drone  
  19  1:40  Drone  
  20  1:53  Overlord  
  20  2:01  Queen x2  
  20  2:03  Zergling x2  
  20  2:08  Zergling x2  
  26  2:14  Metabolic Boost  
  26  2:17  Drone  
  26  2:20  Drone  
  28  2:24  Drone  
  28  2:26  Drone  
  30  2:43  Hatchery  
  29  2:47  Drone x2  
  31  2:54  Queen  
  33  2:59  Overlord  
  33  3:03  Drone  
  33  3:04  Drone  
  35  3:06  Drone  
  35  3:10  Overlord  
  36  3:16  Queen  
  38  3:20  Drone x2  
  40  3:29  Drone  
  40  3:30  Queen, Drone  
  40  3:32  Drone  
  45  3:35  Drone  
  45  3:36  Drone  
  45  3:41  Overlord  
  47  3:50  Drone x4  
  47  3:51  Drone  
  47  3:55  Spore Crawler  
  51  3:56  Spore Crawler  
  51  3:59  Queen  
  52  4:04  Drone  
  52  4:05  Drone x2  
  55  4:13  Overlord  
  55  4:19  Zergling x6  
  55  4:20  Zergling x4  
  55  4:21  Drone x3  
  63  4:24  Spore Crawler  
  62  4:33  Drone  
  62  4:34  Drone  
  62  4:37  Drone x5  
  69  4:44  Queen  
  68  4:55  Overlord  
  67  5:01  Lair  
  67  5:03  Zergling x2, Drone x7  
  67  5:04  Extractor  
  67  5:05  Drone  
  74  5:11  Roach Warren  
  74  5:12  Drone, Extractor x2  
  71  5:18  Drone x2  
  72  5:21  Drone x6  
  72  5:24  Overlord  
  72  5:27  Extractor  
  72  5:28  Overlord  
  76  5:30  Overlord  
  76  5:38  Drone x2  
  77  5:49  Extractor  
  76  5:50  Hatchery  
  76  5:53  Roach x6  
  76  5:54  Roach  
  76  5:56  Roach, Evolution Chamber  
  90  6:00  Glial Reconstitution  
  90  6:08  Drone  
  90  6:09  Drone x4  
  95  6:14  Roach x4  
  102  6:18  Drone  
  102  6:19  Drone x2  
  102  6:22  Infestation Pit  
  102  6:23  Overlord  
  102  6:24  Overseer  
  104  6:28  Overlord  
  104  6:38  Overlord x3  
  102  6:40  Zerg Missile Weapons Level 1  
  102  6:41  Overlord x2  
  102  6:48  Drone x2  
  102  6:49  Drone  
  102  6:50  Nydus Network  
  102  6:51  Drone  
  101  7:04  Swarm Host x4  
  113  7:11  Swarm Host  
  113  7:12  Swarm Host x3  
  125  7:22  Swarm Host x4  
  123  7:29  Roach x3  
  141  7:30  Zergling x6  
  141  7:50  Nydus Canal  
  137  7:51  Roach  
  137  7:52  Roach x10  
  159  8:02  Roach  
  159  8:03  Overlord x4  
  159  8:08  Nydus Canal  
  159  8:12  Overlord x2  
  159  8:13  Overlord  
  159  8:14  Ravager  
  160  8:23  Ravager x3  
  160  8:25  Roach x6  
  172  8:32  Nydus Canal  
  163  8:45  Zergling x8, Roach x5  
  163  8:52  Roach x5  
  169  9:00  Zergling x2  
  169  9:01  Zergling x14  
  177  9:03  Ravager x4  
  177  9:06  Nydus Canal  
  165  9:17  Roach x6  
  165  9:24  Roach x4  
  165  9:27  Zergling x2, Roach  
  159  9:35  Roach x5  
  161  9:39  Nydus Canal  
  161  9:43  Roach x2  
  162  9:47  Ravager x2  
  162  9:51  Drone x6  
  170  10:02  Extractor  
  170  10:06  Nydus Canal  
  164  10:13  Roach x9  
  182  10:15  Zerg Missile Weapons Level 2  
  176  10:33  Roach  
  176  10:34  Zergling x10, Roach x6  
  188  10:41  Drone x2  
  170  10:48  Zergling x18, Roach  
  181  10:50  Nydus Canal  
  175  11:01  Roach x5  
  175  11:03  Ravager  
  181  11:06  Nydus Canal  
  181  11:07  Ravager x4  
  181  11:10  Drone x2  
  184  11:34  Hydralisk Den  
  176  11:44  Roach x4  
  176  11:45  Roach x13  
  164  11:50  Zergling x2, Roach x3  
  164  11:51  Extractor  
  164  11:55  Nydus Canal  
  164  11:57  Roach  
  164  11:58  Roach x2  
  164  12:00  Roach  
  168  12:04  Roach x2  
  162  12:13  Roach x3  
Tags
 
Add a new tag
Caveats
  • Supply blocks, unpowered buildings, or Contaminate may cause inaccurate times.
  • Supply counts are checked every 10 seconds.